 Dungeon Crawl Stone Soup version 0.21.1 (webtiles) character file.

1246 Zhenya24pyc the Basher (level 8, -7/53 HPs)
             Began as a Gargoyle Fighter on Feb 3, 2018.
             Killed by divine providence
             ... invoked by an orc priest
              (12 damage)
             ... on level 8 of the Dungeon.
             The game lasted 00:07:57 (4142 turns).

Zhenya24pyc the Basher (Gargoyle Fighter)           Turns: 4142, Time: 00:07:58

Health: -7/53      AC: 16    Str: 21    XL:     8   Next: 50%
Magic:  0/8        EV:  7    Int: 10    God:
Gold:   70         SH:  9    Dex:  9    Spells: 7/7 levels left

rFire    + . .     SeeInvis .   a - +0 flail
rCold    x . .     Gourm    .   c - +0 shield
rNeg     + . .     Faith    .   b - +0 scale mail
rPois    ∞         Spirit   +   u - +0 helmet
rElec    +         Reflect  .   k - scarf {Spirit}
rCorr    .         Harm     .   (no gloves)
MR       .....                  z - +2 pair of boots {Fly}
Stlth    ..........             l - amulet of magic regeneration
HPRegen  0.17/turn              p - +4 ring of slaying
MPRegen  0.36/turn              q - ring of fire

@: no status effects
A: negative energy resistance 1, electricity resistance, unbreathing,
petrification resistance, rot immunity, AC +5
a: Evoke Flight


You were on level 8 of the Dungeon.
You were not hungry.

You visited 1 branch of the dungeon, and saw 8 of its levels.

You collected 295 gold pieces.
You spent 225 gold pieces at shops.

Inventory:

Hand Weapons
 a - a +0 flail (weapon)
Armour
 b - a +0 scale mail (worn)
 c - a +0 shield (worn)
 k - a scarf of spirit shield (worn)
 n - a cursed -1 large shield
 u - a +0 helmet (worn)
 z - a +2 pair of boots of flying (worn)
Jewellery
 l - an amulet of magic regeneration (around neck)
 p - a +4 ring of slaying (left hand)
 q - a ring of fire (right hand)
Wands
 x - a wand of random effects (29)
Scrolls
 e - 2 scrolls of random uselessness {unknown}
 g - a scroll of enchant weapon {unknown}
 h - 8 scrolls of teleportation {unknown}
 m - 2 scrolls of blinking {unknown}
 o - 9 scrolls of identify {unknown}
 t - a scroll of fear {unknown}
 v - 2 scrolls of remove curse {unknown}
 y - a scroll of magic mapping {unknown}
Potions
 d - 3 potions of might
 i - a potion of cancellation {unknown}
 j - 2 potions of curing {unknown}
 r - a potion of mutation {unknown}
 s - a potion of lignification {unknown}
 w - a potion of haste {unknown}
Comestibles
 f - 5 rations
 A - 6 chunks of flesh


   Skills:
 + Level 7.0 Fighting
 * Level 8.3 Maces & Flails
 - Level 3.2 Armour
 - Level 1.0 Dodging
 - Level 3.2 Shields


You had 7 spell levels left.
You didn't know any spells.

Dungeon Overview and Level Annotations

Branches:
Dungeon (9/15)
 Temple: D:4-7         Lair: D:8-11         Orc: D:9-12

Altars:
Makhleb
Sif Muna
Yredelemnul

Shops:
D:4 [*(((

Annotations:
D:8 Erica


Innate Abilities, Weirdness & Mutations

You are resistant to torment.
Your stone body is resilient. (AC +5)
You are immune to poison.
You resist negative energy. (rN+)
You are resistant to electric shocks. (rElec)
You can survive without breathing.
You are immune to petrification.
You are immune to rotting.


Message History

* * * LOW HITPOINT WARNING * * *
Unknown command.
The centaur wields a shortbow.
The centaur shoots an arrow.
You block the arrow. The scorpion stings you.
* * * LOW HITPOINT WARNING * * *
The orc priest calls down the wrath of Beogh upon you.
Beogh smites you!
* * * LOW HITPOINT WARNING * * *
The adder bites you but does no damage.
The wyvern bites you but does no damage.
You see here an arrow.
The centaur shoots an arrow.
You block the arrow.
The orc wizard gestures at you while chanting.
The magic dart hits you!
The centaur shoots an arrow.
The arrow hits you but does no damage.
An adder comes into view.
You see here 2 arrows.
The orc priest mumbles some strange prayers to Beogh against you.
Beogh smites you!
You die...

.. .. ....... ##.# .
.#...... ... ..
....#.###..##...
.....##..#.....
###........S....
......cO<......
....####.#.#l@###...
...........Ss........
....####.o.........##
.........oo#...(...#
.......o#..#o....###
. ..####........>....
#. ####.........###.#
#..##..........### .#
.#.................


You could see an orc warrior, a wyvern, an ogre, a centaur, a scorpion, an orc
priest, an orc wizard, 2 adders and 2 orcs.

Vanquished Creatures
  An ice beast (D:5)
  A phantom (D:4)
  A black bear (D:8)
  An ogre (D:8)
  A bullfrog (D:8)
  A scorpion (D:6)
  3 wights (D:8)
  2 crimson imps
  2 hounds (D:4)
  3 orc wizards (D:8)
  3 bullfrog skeletons
  5 worker ants (D:5)
  A hound skeleton (D:5)
  8 adders
  3 shadow imps
  2 oozes
  An adder zombie (D:9)
  2 adder skeletons (D:4)
  2 worms (D:2)
  3 dart slugs
  2 leopard geckos
  8 orcs
  2 ball pythons
  9 bats
  5 giant cockroaches
  5 goblins
  7 hobgoblins
  7 jackals (D:2)
  2 quokkas
  5 frilled lizards
  8 kobolds
  2 leopard gecko skeletons
  10 rats
118 creatures vanquished.

Notes
Turn   | Place    | Note
-------+----------+-------------------------------------------
     0 | D:1      | Zhenya24pyc the Gargoyle Fighter began the quest for the Orb.
     0 | D:1      | Reached XP level 1. HP: 14/14 MP: 1/1
   262 | D:1      | Reached XP level 2. HP: 19/19 MP: 2/2
   480 | D:1      | Reached skill level 3 in Maces & Flails
   483 | D:1      | Reached XP level 3. HP: 23/24 MP: 1/3
  1163 | D:2      | Reached XP level 4. HP: 24/29 MP: 4/4
  1723 | D:3      | Reached skill level 4 in Maces & Flails
  1723 | D:3      | Reached skill level 1 in Dodging
  1785 | D:3      | Reached XP level 5. HP: 34/34 MP: 3/5
  2290 | D:3      | Found a basalt altar of Yredelemnul.
  2290 | D:3      | Found a deep blue altar of Sif Muna.
  2291 | D:3      | Found a burning altar of Makhleb.
  2396 | D:4      | Found Zaonigg's Weapon Boutique.
  2400 | D:4      | Noticed a phantom
  2430 | D:4      | Killed a phantom
  2430 | D:4      | Reached skill level 5 in Maces & Flails
  2430 | D:4      | Reached XP level 6. HP: 29/40 MP: 6/6
  2456 | D:4      | Reached skill level 5 in Fighting
  2471 | D:4      | Found Fabatife's Weapon Shop.
  2536 | D:4      | Found Votzef's Antique Weapon Shop.
  2609 | D:4      | Found Suafyraf's Assorted Antiques.
  2615 | D:4      | Found Fudyaki's Antique Armour Shop.
  2622 | D:4      | Bought a pair of embroidered boots for 225 gold pieces
  2896 | D:5      | Entered Level 5 of the Dungeon
  3020 | D:5      | Reached XP level 7. HP: 43/44 MP: 7/7
  3187 | D:5      | Reached skill level 6 in Maces & Flails
  3820 | D:6      | Reached skill level 7 in Maces & Flails
  3889 | D:6      | You fall through a shaft for 3 floors!
  3896 | D:9      | Noticed a hungry ghost
  3918 | D:8      | Reached XP level 8. HP: 49/51 MP: 8/8
  3943 | D:8      | Reached skill level 8 in Maces & Flails
  4118 | D:8      | Noticed Erica
  4127 | D:8      | Noticed a wyvern
  4142 | D:8      | Killed from afar by an orc priest

Skill      XL: |  1  2  3  4  5  6  7  8 |
---------------+-------------------------+-----
Maces & Flails | 3 4 5 7 8 |  8.3
Fighting       | 4 5 6 7 |  7.0
Dodging        | 1 |  1.0
Armour         | |  3.2
Shields        | |  3.2

Action                   |  1- 3 |  4- 6 |  7- 9 || total
-------------------------+-------+-------+-------++-------
Melee: Flail             |   173 |   162 |   114 ||   449
 Abil: Stop Flying       |       |       |     1 ||     1
  Eat: Chunk             |     1 |     6 |     4 ||    11
Armor: Scale mail        |   112 |    99 |   137 ||   348
Dodge: Dodged            |    54 |    56 |    63 ||   173
Block: Shield            |    92 |    60 |    83 ||   235
